 Dungeon Crawl Stone Soup version 0.26-a0-661-g406de6ba63 (webtiles) character file.

Game seed: 14139679629865164187

208 reriks the Shield-Bearer (level 6, -12/44 HPs)
             Began as a Formicid Fighter on Oct 8, 2020.
             Mangled by an orc
             ... wielding a +2 dagger of electrocution
              (17 damage)
             ... on level 4 of the Dungeon.
             The game lasted 00:03:38 (2413 turns).

reriks the Shield-Bearer (Formicid Fighter)         Turns: 2413, Time: 00:03:39

Health: -12/44     AC: 12    Str: 23    XL:     6   Next: 11%
Magic:  6/6        EV:  5    Int:  7    God:
Gold:   283        SH: 11    Dex: 10    Spells: 5/5 levels left

rFire    + . .     SeeInvis +   a - +0 long sword
rCold    + . .     Faith    .   c - +1 kite shield
rNeg     . . .     Spirit   .   f - +0 plate armour
rPois    .         Reflect  .   (helmet unavailable)
rElec    .         Harm     .   i - scarf {rC+ rF+}
rCorr    .         Rampage  .   (no gloves)
MR       .....     Clarity  +   (no boots)
Stlth    ..........             w - amulet of magic regeneration
HPRegen  0.14/turn              (no ring)
MPRegen  0.35/turn              (no ring)

@: mighty
A: permanent stasis, dig shafts and tunnels, four strong arms, antennae 3,
clarity, frail 1, wild magic 1
a: Dig, Shaft Self


You were on level 4 of the Dungeon.
You visited 1 branch of the dungeon, and saw 4 of its levels.

You collected 283 gold pieces.

Inventory:

Hand Weapons
 a - a +0 long sword (weapon)
Armour
 b - a +0 scale mail
 c - a +1 kite shield (worn)
 f - a +0 plate armour (worn)
 i - a scarf of resistance (worn)
 o - a +1 pair of gloves
 q - a +0 pair of gloves
Jewellery
 w - an amulet of magic regeneration (around neck)
Wands
 p - a wand of disintegration (11)
 v - a wand of digging (6)
Scrolls
 g - 2 scrolls of remove curse
 j - a scroll of blinking {unknown}
 l - a scroll of identify
 r - a scroll of teleportation {unknown}
 s - a scroll of magic mapping {unknown}
 t - a scroll of enchant armour
 u - a scroll of amnesia {unknown}
Potions
 d - a potion of might
 e - 3 potions of flight {unknown}
 h - a potion of heal wounds {unknown}
 k - a potion of magic {unknown}
 m - a potion of berserk rage {unknown}
 n - 2 potions of degeneration {unknown}


   Skills:
 + Level 4.4 Fighting
 + Level 3.3 Long Blades
 + Level 4.4 Armour
 + Level 4.9 Shields


You had 5 spell levels left.
You didn't know any spells.
Your spell library was empty.

Dungeon Overview and Level Annotations

Branches:
Dungeon (4/15)
 Temple: D:4-7

Altars:
Fedhas
Ru
Xom


Innate Abilities, Weirdness & Mutations

You cannot be hasted, slowed, berserked, paralysed or teleported.
You can dig through walls and to a lower floor.
Your four strong arms can wield two-handed weapons with a shield.
You have a pair of large antennae on your head. (SInv)
You possess an exceptional clarity of mind.
You are frail. (-10% HP)
Your spells are a little harder to cast, but a little more powerful.


Message History

You slash the orc priest!
You kill the orc priest!
You have reached level 6!
Your experience leads to an increase in your attributes!
Increase (S)trength, (I)ntelligence, or (D)exterity?
You feel stronger. The orc hits you with a +0 flail.
* * * LOW HITPOINT WARNING * * *
The orc hits you from afar with a +0 trident.
* * * LOW HITPOINT WARNING * * *
The orc wizard hits you with a +0 dagger.
* * * LOW HITPOINT WARNING * * *
You block the orc's attack.
Unknown command.
You feel very mighty all of a sudden. You block the orc's attack.
The orc wizard barely misses you.
You riposte.
You slash the orc wizard!
The orc wizard is almost dead.
The orc hits you but does no damage. x2; You are electrocuted!
You die...

..P...P.♣P......###..#..#
PPP...PPP...#............
..........b..{#..........
...........b###.......###
......b......#.....##.#
.........###........# #
.........##........##
......##.......o.(##
.......#.......)@o.#
.##....#)......o#.##
..#....##......o###
..<..........?...#
.....#...........#
.#...#...........#
.#................
P.#.......##...##.
P......... ..≈.≈ .{


You could see an orc wizard (invisible) and 3 orcs.

Vanquished Creatures
  An orc priest (D:4)
  A centaur skeleton (D:4)
  A worker ant (D:3)
  3 adders (D:2)
  An ooze (D:2)
  3 worms
  2 dart slugs
  4 leopard geckos
  2 orcs (D:3)
  6 giant cockroaches
  8 hobgoblins
  6 jackals
  10 kobolds
  A quokka (D:3)
  11 bats
  2 frilled lizards
  3 goblins
  A leopard gecko skeleton (D:4)
  10 rats
76 creatures vanquished.

Notes
Turn   | Place    | Note
-------+----------+-------------------------------------------
     0 | D:1      | reriks the Formicid Fighter began the quest for the Orb.
     0 | D:1      | Reached XP level 1. HP: 18/18 MP: 1/1
   211 | D:1      | Reached XP level 2. HP: 20/24 MP: 2/2
   336 | D:1      | Reached XP level 3. HP: 28/29 MP: 3/3
   847 | D:2      | Reached XP level 4. HP: 33/37 MP: 4/4
  1507 | D:2      | Gained mutation: You are frail. (-10% HP) [potion of
                  | mutation]
  1507 | D:2      | Gained mutation: You possess an exceptional clarity of
                  | mind. [potion of mutation]
  1507 | D:2      | Gained mutation: Your spells are a little harder to cast,
                  | but a little more powerful. [potion of mutation]
  1745 | D:3      | Reached XP level 5. HP: 30/37 MP: 5/5
  2239 | D:3      | Found a sacrificial altar of Ru.
  2363 | D:4      | Found a shimmering altar of Xom.
  2394 | D:4      | Found a blossoming altar of Fedhas.
  2412 | D:4      | Reached XP level 6. HP: 9/44 MP: 6/6
  2413 | D:4      | Mangled by an orc

Illustrated notes

Levels and vault maps discovered:
D:1:      dpeg_arrival_pits, layout_rooms
D:2:      layout_loops_ring, corexii_corridor_pit
D:3:      layout_rooms, nicolae_ru_awakened_eye
D:4:      layout_cave_pools, xom_butterflies, kennysheep_mini_moat,
          fedhas_altar_2, zin_academy, serial_park, serial_park_square2,
          serial_park_square3 [serial_park_minivault_5x5_4], serial_park_tiny_2,
          serial_park_square1 [serial_park_minivault_5x5_3], minmay_hedge_maze

Skill      XL: |  1  2  3  4 |
---------------+-------------+-----
Shields        | 4 |  4.9
Fighting       | 4 |  4.4
Armour         | 4 |  4.4
Long Blades    | 3 |  3.3

Action                   |  1- 3 |  4- 6 || total
-------------------------+-------+-------++-------
Melee: Long sword        |    96 |   170 ||   266
  Use: Scroll            |       |     5 ||     5
       Potion            |       |     2 ||     2
Armor: Scale mail        |    14 |       ||    14
       Plate armour      |    64 |   106 ||   170
Dodge: Dodged            |    34 |    25 ||    59
Block: Kite shield       |    59 |   112 ||   171
       Rpst.: Long sword |    11 |     9 ||    20

Table legend: (Time is in decaauts)
 A = Elapsed time spent in this place.
 B = Non-inter-level travel time spent in this place.
 C = Inter-level travel time spent in this place.
 D = Time resting spent in this place.
 E = Time spent auto-exploring this place.
 F = Levels seen in this place.
 G = Mean time per level.
                   A        B        C        D        E       F      G
               +--------+--------+--------+--------+--------+-----+--------+
         Total |   2497 |   2424 |     73 |    319 |   1431 |   4 |  624.2 |
       Dungeon |   2497 |   2424 |     73 |    319 |   1431 |   4 |  624.2 |
               +--------+--------+--------+--------+--------+-----+--------+

Top non-repeatable levels by time:
     D:2: 996 daAuts
     D:1: 801 daAuts
     D:3: 620 daAuts
     D:4: 79 daAuts
